 Dungeon Crawl Stone Soup version 0.19-a0-1251-gd6e46da (webtiles) character file.

6950 PurpleRed the Destroyer (level 10, -7/56 HPs)
             Began as a Deep Elf Conjurer on Aug 27, 2016.
             Was a Priest of Vehumet.
             Mangled by a gargoyle
             ... wielding a +0 dire flail
              (17 damage)
             ... on level 11 of the Dungeon.
             The game lasted 00:43:21 (3555 turns).

PurpleRed the Destroyer (Deep Elf Conjurer)         Turns: 3555, Time: 00:43:21

Health: -7/56      AC: 16    Str:  5    XL:     10   Next: 80%
Magic:  2/27       EV: 13    Int: 24    God:    Vehumet [***...]
Gold:   332        SH:  0    Dex: 15    Spells: 8 memorised, 7 levels left

rFire  . . .     SeeInvis .     k - +3 dire flail (protect)
rCold  + . .     Gourm    .     I - +2 robe {rC+}
rNeg   . . .     Faith    .     (shield currently unavailable)
rPois  .         Spirit   .     (no helmet)
rElec  .         Dismiss  .     s - +1 cloak
rCorr  .         Reflect  .     (no gloves)
MR     +....     Harm     .     i - +1 pair of boots
Stlth  ++........ Rnd*Tele +    (no amulet)
                                w - ring of teleportation (curse)
                                f - +3 ring of protection

@: repel missiles
A: no striking features
a: Renounce Religion


You were on level 11 of the Dungeon.
You worshipped Vehumet.
Vehumet was most pleased with you.
You were not hungry.

You visited 1 branch of the dungeon, and saw 11 of its levels.
You also visited: Sewer.

You collected 332 gold pieces.

Inventory:

Hand Weapons
 k - a +3 dire flail of protection (weapon)
 t - a +0 blowgun
Missiles
 u - 16 poisoned needles
 y - 3 throwing nets (quivered)
Armour
 i - a +1 pair of boots (worn)
 s - a +1 cloak (worn)
 I - a +2 robe of cold resistance (worn)
Magical Staves
 F - an uncursed staff of conjuration
Jewellery
 f - a +3 ring of protection (left hand)
 w - a cursed ring of teleportation (right hand)
 H - an uncursed ring of ice
Wands
 d - a wand of flame (22/48)
 G - a wand of lightning (6/15)
Scrolls
 p - a scroll of blinking
 z - 2 scrolls of identify
 A - a scroll of fear
 D - a scroll of teleportation
Potions
 e - 3 potions of invisibility
 l - 4 potions of brilliance
 n - 3 potions of lignification
 o - 3 potions of might
 r - 4 potions of heal wounds
 B - a potion of cure mutation
 E - 3 potions of curing
Books
 b - a book of Conjurations

   Spells                             Type                      Level
   a - Magic Dart                     Conjuration                  1
   b - Searing Ray                    Conjuration                  2
   c - Dazzling Spray                 Conjuration/Hexes            3
   d - Fulminant Prism                Conjuration/Hexes            4
   e - Iskenderun's Mystic Blast      Conjuration                  4
   f - Iskenderun's Battlesphere      Conjuration/Charms           5
 g - a book of Minor Magic

   Spells                             Type                      Level
   a - Magic Dart                     Conjuration                  1
   b - Blink                          Translocation                2
   c - Call Imp                       Summoning                    2
   d - Repel Missiles                 Charms/Air                   2
   e - Slow                           Hexes                        2
   f - Conjure Flame                  Conjuration/Fire             3
   g - Mephitic Cloud                 Conjuration/Poison/Air       3
 v - a book of the Tempests

   Spells                             Type                      Level
   a - Static Discharge               Conjuration/Air              3
   b - Lightning Bolt                 Conjuration/Air              5
   c - Fireball                       Conjuration/Fire             5
   d - Tornado                        Air                          9
   e - Shatter                        Earth                        9
 x - a book of Battle

   Spells                             Type                      Level
   a - Infusion                       Charms                       1
   b - Shroud of Golubria             Charms/Translocation         2
   c - Song of Slaying                Charms                       2
   d - Spectral Weapon                Hexes/Charms                 3
   e - Regeneration                   Charms/Necromancy            3
Comestibles
 a - 5 chunks of flesh
 c - 8 bread rations
 j - 2 beef jerkies
 m - 3 meat rations
 C - a slice of pizza


   Skills:
 - Level 3.6 Fighting
 + Level 0.5 Armour
 - Level 2.4 Dodging
 - Level 2.4 Stealth
 + Level 11.2 Spellcasting
 + Level 12.6 Conjurations
 - Level 7.6 Charms
 - Level 2.1 Translocations
 + Level 5.2 Fire Magic


You had 7 spell levels left.
You knew the following spells:

 Your Spells              Type           Power        Failure   Level  Hunger
a - Magic Dart            Conj           ####         1%          1    None
b - Searing Ray           Conj           ######       1%          2    None
c - Iskenderun's Mystic   Conj           ######..     1%          4    None
d - Iskenderun's Battles  Conj/Chrm      ######..     1%          5    ####...
e - Blink                 Tloc           N/A          2%          2    None
f - Repel Missiles        Chrm/Air       ####..       1%          2    None
g - Fireball              Conj/Fire      ######....   1%          5    ####...
h - Regeneration          Chrm/Necr      ####......   2%          3    None


Dungeon Overview and Level Annotations

Branches:
Dungeon (11/15)              Lair (0/6) D:11
 Temple: D:4-7          Orc: D:9-12

Altars:
Fedhas
Kikubaaqudgha
Trog
Vehumet

Annotations:
D:3 Natasha


Message History

Confirm with . or Enter, or press ? or * to list all spells.
Aiming: Iskenderun's Mystic Blast
Press: ? - help, Shift-Dir - straight line, f/p - gargoyle
Aim: a gargoyle, wielding a dire flail (almost destroyed)
You feel a surge of power!
The orb of energy hits the gargoyle.
The gargoyle is almost destroyed.
The orb of energy explodes!
The gargoyle closely misses you.
Press: ? - help, v - describe, . - travel
Here: a gargoyle, wielding a dire flail (almost destroyed)
The floor.
Unknown command.
Wield which item (- for none, * to show all)? (? for menu, Esc to quit)
You feel protected!
k - a +3 dire flail of protection (weapon)
You hit the gargoyle but do no damage.
The gargoyle is almost destroyed.
The gargoyle hits you with a dire flail!!
* * * LOW HITPOINT WARNING * * *
The gargoyle hits you with a dire flail!
You die...

,,,*,#,,,,*,,,,,,,,,,,*******,,,,
.###.+,,,,*,,,,,,,,...# *,,,,
..<..#*****,,,######..# *,,,,
..........,,,,#....#9.# *,,,,
..........,,,,#....#..######*,,,,
##.#.#....,,,,#....#........,,,,,
#..........,,#....#......#****,,
#.#.#........###'##......# *,,
#..............@9........# *,,
###.##............<......# ***
*,,,,,..............$..#
****,,......ยง..........#
***##################


You could see a gargoyle.

Vanquished Creatures
  Fannar (D:10)
  An unseen horror (D:10)
  A hill giant (D:10)
  A troll (D:10)
  A two-headed ogre (D:10)
  A merfolk (D:10)
  Prince Ribbit (D:6)
  2 wyverns
  A steam dragon (D:9)
  A hippogriff (D:11)
  A hungry ghost (D:10)
  Grum (D:8)
  Edmund (D:6)
  An ice beast (D:10)
  2 orc warriors
  A slave (D:9)
  4 sky beasts
  2 wolves (D:8)
  A phantom (D:10)
  2 centaurs
  5 ogres
  A crocodile (D:9)
  A big kobold (D:10)
  3 giant frogs
  2 scorpions
  8 killer bees
  3 wights (D:9)
  2 crimson imps
  2 giant frog zombies
  2 centaur zombies
  4 hounds
  4 orc wizards
  A centaur skeleton (D:9)
  2 quasits
  2 jellies
  Natasha (twice) (D:3)
  2 worker ants
  A hound skeleton (D:7)
  A worker ant zombie (D:7)
  7 adders
  A howler monkey skeleton (D:10)
  2 shadow imps
  An ooze (D:4)
  2 adder skeletons
  A worm (D:3)
  10 giant geckos
  10 orcs
  6 giant cockroaches
  3 goblins
  2 hobgoblins
  8 jackals
  7 kobolds
  A quokka (D:9)
  4 ball pythons
  7 bats
  A giant gecko skeleton (D:5)
  8 giant newts
  3 rats
  3 plants (Sewer)
162 creatures vanquished.

Notes
Turn   | Place    | Note
-------+----------+-------------------------------------------
     0 | D:1      | PurpleRed the Deep Elf Conjurer began the quest for the Orb.
     0 | D:1      | Reached XP level 1. HP: 10/10 MP: 6/6
   149 | D:2      | Reached skill level 5 in Conjurations
   149 | D:2      | Reached XP level 2. HP: 15/15 MP: 5/8
   153 | D:2      | Learned a level 2 spell: Searing Ray
   228 | D:3      | Found a faded altar of an unknown god.
   240 | D:3      | Noticed Natasha
   247 | D:3      | Killed Natasha
   247 | D:3      | Reached XP level 3. HP: 16/19 MP: 0/10
   277 | D:3      | Noticed Natasha
   283 | D:3      | Killed Natasha
   283 | D:3      | Reached XP level 4. HP: 19/24 MP: 2/12
   384 | D:3      | Noticed a sky beast
   388 | D:3      | Noticed Natasha
   389 | D:3      | Killed a sky beast
   389 | D:3      | Reached skill level 6 in Conjurations
   389 | D:3      | Reached XP level 5. HP: 26/28 MP: 3/14
   448 | D:4      | Found an ancient bone altar of Kikubaaqudgha.
   449 | D:4      | Found a blossoming altar of Fedhas.
   478 | D:5      | Entered Level 5 of the Dungeon
   480 | D:5      | Found a radiant altar of Vehumet.
   487 | D:5      | Became a worshipper of Vehumet
   498 | D:5      | Reached skill level 5 in Spellcasting
   504 | D:5      | Learned a level 4 spell: Iskenderun's Mystic Blast
   510 | D:5      | Learned a level 5 spell: Iskenderun's Battlesphere
   538 | D:5      | Reached skill level 7 in Conjurations
   541 | D:5      | Found a glowing drain.
   585 | Sewer    | Entered a sewer
   671 | Sewer    | Reached XP level 6. HP: 26/32 MP: 11/15
  1023 | Sewer    | Reached skill level 1 in Charms
  1185 | D:5      | Reached * piety under Vehumet
  1185 | D:5      | Offered knowledge of Sting by Vehumet.
  1326 | D:6      | Noticed Edmund
  1435 | D:6      | Noticed Prince Ribbit
  1454 | D:6      | Killed Prince Ribbit
  1454 | D:6      | Reached XP level 7. HP: 36/36 MP: 2/18
  1480 | D:6      | Reached skill level 8 in Conjurations
  1729 | D:6      | Killed Edmund
  1798 | D:7      | Reached XP level 8. HP: 28/41 MP: 1/20
  1824 | D:7      | Learned a level 2 spell: Blink
  1827 | D:7      | Learned a level 2 spell: Repel Missiles
  1833 | D:7      | Learned a level 5 spell: Fireball
  1861 | D:7      | Reached skill level 9 in Conjurations
  1865 | D:7      | Reached skill level 5 in Charms
  1915 | D:7      | Noticed a white ugly thing
  1982 | D:7      | Offered knowledge of Sandblast by Vehumet.
  2013 | D:7      | Reached ** piety under Vehumet
  2217 | D:8      | Noticed Grum
  2222 | D:8      | Reached skill level 10 in Conjurations
  2231 | D:8      | Killed Grum
  2310 | D:9      | Reached XP level 9. HP: 37/45 MP: 10/23
  2338 | D:8      | Found a bloodstained altar of Trog.
  2557 | D:8      | Reached skill level 11 in Conjurations
  2642 | D:10     | Entered Level 10 of the Dungeon
  2645 | D:10     | Reached skill level 1 in Translocations
  2664 | D:10     | Noticed a merfolk
  2697 | D:10     | Killed a merfolk
  2697 | D:10     | Offered knowledge of Stone Arrow by Vehumet.
  2748 | D:10     | Noticed a hill giant
  2783 | D:10     | Killed a hill giant
  2783 | D:10     | Reached skill level 1 in Fighting
  2798 | D:10     | Learned a level 3 spell: Regeneration
  2815 | D:10     | Noticed a troll
  2833 | D:10     | Noticed a troll
  2893 | D:10     | Reached skill level 10 in Spellcasting
  2976 | D:9      | Reached *** piety under Vehumet
  3001 | D:9      | Reached XP level 10. HP: 45/53 MP: 10/26
  3204 | D:10     | Reached skill level 12 in Conjurations
  3211 | D:10     | Offered knowledge of Throw Icicle by Vehumet.
  3283 | D:10     | Identified a scroll of acquirement
  3317 | D:10     | Noticed Fannar
  3329 | D:10     | Killed Fannar
  3395 | D:10     | Killed an unseen horror
  3409 | D:10     | Reached skill level 5 in Fire Magic
  3531 | D:11     | Noticed a gargoyle
  3555 | D:11     | Mangled by a gargoyle

Vault maps used:
D:1:      dpeg_arrival_leaves_temple_mockup, minmay_octomino_j4
D:2:      kennysheep_cluttered_room
D:3:      ecumenical_altar_1, grunt_ministairs_5, uniq_natasha
D:4:      grunt_temple_overflow_growth_and_decay, bloody_trog, minmay_ruptured
D:5:      vehumet_altar_wand_db, tso_oasis_becter, basic_altar,
          portal_sewer_entry_f, first_bread
D:6:      lemuel_coloured_pillars_altar, uniq_prince_ribbit1, uniq_edmund
D:8:      basic_altar, uniq_joseph, uniq_grum
D:9:      old_standard_altar, uniq_pikel
D:10:     minmay_four_partial_circles, hangedman_fish_farm, uniq_fannar
D:11:     dpeg_oklobed_lair, serial_glass, glass_columns_a, glass_columns_a,
          item_on_display_b, nicolae_wwwww
Sewer:    sewer_co_scattered_pipes

Skill      XL: |  1  2  3  4  5  6  7  8  9 10 |
---------------+-------------------------------+-----
Conjurations   | 5 6 7 8 10 11 12 | 12.6
Spellcasting   | 4 5 6 7 8 10 11 | 11.2
Charms         | 3 4 6 7 |  7.6
Translocations | 2 |  2.1
Fighting       | 1 3 |  3.6
Fire Magic     | 2 5 |  5.2
Armour         | |  0.5
Dodging        | |  2.4
Stealth        | |  2.4

Action                   |  1- 3 |  4- 6 |  7- 9 | 10-12 || total
-------------------------+-------+-------+-------+-------++-------
Melee: Rapier            |    22 |   109 |       |       ||   131
       Short sword       |       |    79 |     3 |       ||    82
       Dire flail        |       |       |    48 |     1 ||    49
 Cast: Magic Dart        |    17 |    42 |    71 |    56 ||   186
       Searing Ray       |     2 |    18 |    18 |     4 ||    42
       Iskenderun's Batt |       |     1 |    18 |    11 ||    30
       Iskenderun's Myst |       |       |     6 |     3 ||     9
       Repel Missiles    |       |       |     1 |       ||     1
Evoke: Wand              |       |       |     2 |       ||     2
  Use: Scroll            |       |     9 |    10 |     5 ||    24
       Potion            |       |     1 |       |       ||     1
 Stab: Sleeping          |     1 |     5 |     1 |       ||     7
  Eat: Chunk             |       |     2 |     6 |     3 ||    11
       Meat ration       |       |       |     1 |       ||     1
Armor: Robe              |    13 |    54 |    61 |    20 ||   148
Dodge: Dodged            |    20 |    72 |    87 |    23 ||   202
       Deflected         |       |       |       |     1 ||     1
